 Seeded DCSS version 0.29.1-2-gbd0b4ee654 (webtiles) character file.

Game seed: 19941 (custom seed)

63 Ashen the Grave Robber (level 3, 0/26 HPs)
             Began as a Demonspawn Necromancer on Oct 29, 2022.
             Slain by a gnoll
             ... wielding a +0 halberd
              (7 damage)
             ... on level 2 of the Dungeon.
             The game lasted 00:03:50 (1648 turns).

Ashen the Grave Robber (Demonspawn Necromancer)     Turns: 1648, Time: 00:03:51

Health: 0/26       AC:  6    Str:  8    XL:     3   Next: 89%
Magic:  6/6        EV: 12    Int: 18    God:
Gold:   78         SH:  0    Dex: 13    Spells: 3/7 levels left

rFire   . . .      SeeInvis .   h - +0 whip (pain)
rCold   . . .      Faith    .   (no shield)
rNeg    . . .      Spirit   .   f - +3 leather armour
rPois   .          Reflect  .   (no helmet)
rElec   .          Harm     .   (no cloak)
rCorr   .          Rampage  .   (no gloves)
Will    .....                   (no boots)
Stlth   ++........              (no amulet)
HPRegen 0.08/turn               (no ring)
MPRegen 0.10/turn               (no ring)

@: no status effects
A: sturdy frame 1, weakness stinger 1
a: no special abilities


You were on level 2 of the Dungeon.
You visited 1 branch of the dungeon, and saw 2 of its levels.

You collected 78 gold pieces.

Inventory:

Hand Weapons
 a - a +1 dagger of flaming
 h - a +0 whip of pain (weapon)
Armour
 f - a +3 leather armour (worn)
Scrolls
 c - a scroll of magic mapping {unknown}
 d - 2 scrolls of identify {unknown}
 e - a scroll of amnesia {unknown}
 g - a scroll of noise {unknown}
Potions
 b - a potion of magic


   Skills:
 + Level 1.3 Fighting
 + Level 2.3 Dodging
 + Level 2.3 Stealth
 + Level 2.5 Spellcasting
 + Level 4.7 Necromancy


You had 3 spell levels left.
You knew the following spells:

 Your Spells              Type           Power      Damage    Failure   Level
a - Necrotise             Necr           76%        1d7       2%          1
b - Vampiric Draining     Necr           19%        2d7       8%          3

Your spell library contained the following spells:

 Spells                   Type           Power      Damage    Failure   Level
 Animate Dead             Necr           19%        N/A       26%         4
 Agony                    Necr           19%        N/A       58%         5


Dungeon Overview and Level Annotations

Branches:
Dungeon (2/15)

Altars:

Shops:
D:1 ([*


Innate Abilities, Weirdness & Mutations

Your movements are slightly less encumbered by armour. (ER -2)
You have a small tail.


Message History

An endoplasm comes into view.
Found 22 gold pieces.
The helpless endoplasm fails to defend itself.
You hit the endoplasm.
The endoplasm writhes in agony.
You kill the endoplasm!
No target in view!
You now have 69 gold pieces (gained 13).
You now have 78 gold pieces (gained 9).
A gnoll comes into view. It is wielding a +0 halberd.
The gnoll shouts!
You hear a shout! x2 2 gnolls come into view.
The gnoll shouts!
The gnoll barely misses you.
You hit the gnoll but do no damage.
The gnoll writhes in agony.
The gnoll is lightly wounded.
The gnoll barely misses you. The gnoll attacks as you move away!
The gnoll completely misses you. The gnoll barely misses you.
Casting: Necrotise (safe; 2% risk of failure)
Confirm with . or Enter, or press ? or * to list all spells.
Okay, then.
The gnoll barely misses you. The gnoll closely misses you.
You closely miss the gnoll. The gnoll barely misses you. x2
You hit the gnoll. You tail-slap the gnoll.
The gnoll is heavily wounded.
The gnoll hits you with a +0 whip.
The gnoll hits you from afar with a +0 halberd.
You barely miss the gnoll.
The gnoll is heavily wounded.
The gnoll hits you with a +0 whip.
The gnoll hits you from afar with a +0 halberd.
You barely miss the gnoll.
The gnoll is heavily wounded.
The gnoll closely misses you.
The gnoll hits you from afar with a +0 halberd!
* * * LOW HITPOINT WARNING * * *
You hit the gnoll.
The gnoll writhes in agony.
You kill the gnoll!
The gnoll hits you from afar with a +0 halberd!
You die...

##### #.# #.#####..#
#.# #........# #.#
#..#####.# #.# #..#
#.# ### #.. #..# #.#
..# #.# #..# #.#
#.####... #..# #.#
#.^.#.....#..#####.#
###..........gg)@..#
#...#.....#..#######
#....#... #..
........# #..
......... ...
........#.##.
.......... ..
#.....#.# ##
#........


You could see 2 gnolls.

Vanquished Creatures
  2 adders (D:2)
  A gnoll (D:2)
  A dart slug (D:2)
  4 endoplasms
  A giant cockroach (D:1)
  3 goblins
  5 hobgoblins
  4 kobolds
  2 quokkas (D:1)
  2 ball pythons (D:1)
  5 bats
  4 frilled lizards (D:2)
  5 rats
39 creatures vanquished.

Vanquished Creatures (collateral kills)
  A dart slug (D:1)
  A frilled lizard (D:1)
2 creatures vanquished.

Grand Total: 41 creatures vanquished

Notes
Turn   | Place    | Note
-------+----------+-------------------------------------------
     0 | D:1      | Ashen the Demonspawn Necromancer began the quest for the
                  | Orb.
     0 | D:1      | Reached XP level 1. HP: 13/13 MP: 3/3
   122 | D:1      | Found Riotof's Antique Weapon Shop.
   171 | D:1      | Gained mutation: Your movements are slightly less
                  | encumbered by armour. (ER -2) [demonic ancestry]
   171 | D:1      | Reached XP level 2. HP: 18/20 MP: 0/5
   344 | D:1      | Found a faded altar of an unknown god.
   849 | D:1      | Found Vypiut's Assorted Antiques.
   858 | D:1      | Gained mutation: You have a small tail. [demonic ancestry]
   858 | D:1      | Reached XP level 3. HP: 25/25 MP: 6/6
   862 | D:1      | Learned a level 3 spell: Vampiric Draining
   864 | D:1      | Found Marruhor's Antique Armour Shoppe.
  1027 | D:2      | Reached skill level 1 in Fighting
  1648 | D:2      | Slain by a gnoll

Illustrated notes

Levels and vault maps discovered:
D:1:      lightli_arrival_lavapool, layout_basic, serial_shops, shop_fountains,
          shop, nicolae_shop_trees,
          hellmonk_ecumenical_altar_pennies_from_heaven
D:2:      layout_loops_ring, minmay_hexomino_c4

Skill      XL: |  1  2  3 |
---------------+----------+-----
Dodging        | 2 |  2.3
Stealth        | 2 |  2.3
Fighting       | 1 |  1.3
Spellcasting   | |  2.5
Necromancy     | |  4.7

Action                   || total
-------------------------++-------
Melee: Unarmed           ||     1
       Dagger            ||     9
       Whip              ||    21
       Tailslap          ||     4
 Cast: Necrotise         ||    43
 Stab: Sleeping          ||     2
Armor: Leather armour    ||    10
Dodge: Dodged            ||    28
